 Dungeon Crawl Stone Soup version 0.29.1-1-gd02db6906a (webtiles) character file.

Game seed: 16883025216512908432

56 Romesagentofchaos the Sneak (level 3, 0/18 HPs)
             Began as a Spriggan Brigand on Oct 22, 2022.
             Succumbed to an adder's poison
             ... on level 3 of the Dungeon.
             The game lasted 00:06:46 (1677 turns).

Romesagentofchaos the Sneak (Spriggan Brigand)      Turns: 1677, Time: 00:06:46

Health: 0/18       AC:  3    Str: 13    XL:     3   Next: 69%
Magic:  4/4        EV: 17    Int: 12    God:
Gold:   102        SH:  0    Dex: 18    Spells: 2/2 levels left

rFire   + . .      SeeInvis +   a - +3 dagger
rCold   . . .      Faith    .   (no shield)
rNeg    . . .      Spirit   .   b - +0 robe
rPois   .          Reflect  .   (helmet restricted)
rElec   .          Harm     .   c - +0 cloak
rCorr   .          Rampage  .   (gloves unavailable)
Will    .....                   (boots unavailable)
Stlth   ++++......              (no amulet)
HPRegen 0.06/turn               g - +6 ring of strength
MPRegen 0.09/turn               i - ring of protection from fire

@: lethally poisoned (0 -> -1), weak-willed, very quick
A: very small, no large weapons, unfitting armour, see invisible, speed 3
a: no special abilities


You were on level 3 of the Dungeon.
You visited 1 branch of the dungeon, and saw 3 of its levels.

You collected 102 gold pieces.

Inventory:

Hand Weapons
 a - a +3 dagger (weapon)
Missiles
 d - 9 poisoned darts (quivered)
 e - 3 curare-tipped darts
Armour
 b - a +0 robe (worn)
 c - a +0 cloak (worn)
Jewellery
 g - a +6 ring of strength (left hand)
 i - a ring of protection from fire (right hand)
Scrolls
 h - a scroll of immolation


   Skills:
 + Level 1.7 Fighting
 + Level 2.8 Short Blades
 + Level 2.0 Throwing
 + Level 2.0 Dodging
 + Level 7.4 Stealth


You had 2 spell levels left.
You didn't know any spells.
Your spell library was empty.

Dungeon Overview and Level Annotations

Branches:
Dungeon (3/15)

Altars:

Shops:
D:1 (


Innate Abilities, Weirdness & Mutations

You are very small and have problems with some larger weapons.
You are too small for most types of armour.
You have supernaturally acute eyesight. (SInv)
You cover ground extremely quickly. (Speed+++)


Message History

You feel sick. The adder bites you but does no damage.
The adder completely misses you.
You closely miss the adder.
The adder is lightly wounded.
The adder misses you.
You hit the adder.
The adder is heavily wounded.
You feel sick. The adder closely misses you.
You hit the adder.
The adder is heavily wounded.
You feel sick. The adder bites you.
You are lethally poisoned!
The adder poisons you! The dart slug launches a dart at you.
The slug dart misses you.
As you read the scroll of teleportation, it crumbles to dust.
You feel strangely unstable.
You feel sick. The adder closely misses you.
* * * LOW HITPOINT WARNING * * *
You feel sick.
You see here a scroll labelled HAOMIU FEDID.
f - a scroll labelled HAOMIU FEDID
* * * LOW HITPOINT WARNING * * *
You feel sick. The adder completely misses you.
* * * LOW HITPOINT WARNING * * *
You feel sick.
As you read the scroll labelled OVOB HUN OHIM, it crumbles to dust.
Magic quickly surges around you.
It was a scroll of vulnerability.
* * * LOW HITPOINT WARNING * * *
You feel sick. The adder closely misses you. The dart slug closely misses you.
* * * LOW HITPOINT WARNING * * *
You feel sick.
Your surroundings suddenly seem different.
Found a steel ring.
* * * LOW HITPOINT WARNING * * *
You feel sick.
You see here a ring of wizardry.
As you read the scroll labelled HAOMIU FEDID, it crumbles to dust.
It is a scroll of amnesia.
You feel forgetful for a moment.
You die...

..# #.# #.# #.#
#.# ##.## #...#
###...#####
#..@.......#
.............#.#
.............#
####.........#
####...####
#...# #...#
##.##


There were no monsters in sight!

Vanquished Creatures
  An adder (D:2)
  A dart slug (D:1)
  4 endoplasms
  5 giant cockroaches
  3 goblins
  5 hobgoblins
  4 kobolds (D:1)
  3 quokkas
  4 ball pythons (D:1)
  4 bats
  2 frilled lizards (D:2)
  2 rats
38 creatures vanquished.

Notes
Turn   | Place    | Note
-------+----------+-------------------------------------------
     0 | D:1      | Romesagentofchaos the Spriggan Brigand began the quest for
                  | the Orb.
     0 | D:1      | Reached XP level 1. HP: 10/10 MP: 2/2
    19 | D:1      | Found Reat's Weapon Shoppe.
    92 | D:1      | Reached skill level 6 in Stealth
   179 | D:1      | Reached XP level 2. HP: 14/14 MP: 3/3
   245 | D:1      | Reached skill level 7 in Stealth
   429 | D:1      | Reached XP level 3. HP: 18/18 MP: 4/4
  1677 | D:3      | Succumbed to an adder's poison

Illustrated notes

Levels and vault maps discovered:
D:1:      lemuel_arrival_funnel, layout_loops_ring, serial_shops, shop,
          corexii_item_surrounded_by_moat, item_on_display_a
D:2:      layout_basic
D:3:      layout_loops_ring, marbit_many_paths,
          dreamdust_ecumenical_altar_hidden_monk_grotto

Skill      XL: |  1  2  3 |
---------------+----------+-----
Stealth        | 6 7 |  7.4
Dodging        | 2 |  2.0
Fighting       | |  1.7
Short Blades   | |  2.8
Throwing       | |  2.0

Action                   || total
-------------------------++-------
Melee: Dagger            ||   128
  Use: Potion            ||     2
       Scroll            ||     9
 Stab: Sleeping          ||    15
Armor: Robe              ||    27
Dodge: Dodged            ||   101
